 Dungeon Crawl Stone Soup version 0.23.0-3-gf3c87f2 (webtiles) character file.

Game seed: 4061188961119542533

429 Kurtz the Chopper (level 6, -1/47 HPs)
             Began as a Mummy Chaos Knight on Feb 24, 2019.
             Was a Plaything of Xom.
             Slain by a quasit (2 damage)
             ... summoned by Xom
             ... on level 5 of the Dungeon.
             The game lasted 00:05:14 (4394 turns).

Kurtz the Chopper (Mummy Chaos Knight)              Turns: 4394, Time: 00:05:14

Health: -1/47      AC: 12    Str: 16      XL:     6   Next: 66%
Magic:  6/6        EV:  5    Int: 16      God:    Xom [......]
Gold:   126        SH:  0    Dex: 12 (13) Spells: 5/5 levels left

rFire    x . .     SeeInvis .   j - +2 flail (crush)
rCold    + . .     Gourm    .   (no shield)
rNeg     + + +     Faith    .   c - +0 plate armour
rPois    ∞         Spirit   .   (no helmet)
rElec    .         Reflect  .   s - +0 cloak
rCorr    .         Harm     .   (no gloves)
MR       .....                  (no boots)
Stlth    ..........             d - amulet of rage
HPRegen  0.15/turn              e - ring of flight
MPRegen  0.10/turn              m - +5 ring of intelligence

@: no status effects
A: no food or potions, fire vulnerability, cold resistance 1, negative energy
resistance 3, torment resistance, unbreathing
a: Renounce Religion, Evoke Flight


You were on level 5 of the Dungeon.
You worshipped Xom.
You were a very special plaything of Xom.
You were not hungry.

You visited 1 branch of the dungeon, and saw 5 of its levels.

You collected 126 gold pieces.

Inventory:

Hand Weapons
 a - a +0 hand axe of chaos
 j - a +2 flail of crushing (weapon)
Missiles
 o - 2 throwing nets (quivered)
Armour
 b - a +2 leather armour
 c - a +0 plate armour (worn)
 s - a +0 cloak (worn)
Jewellery
 d - an amulet of rage (around neck)
 e - a ring of flight (left hand)
 m - a +5 ring of intelligence (right hand)
Wands
 q - a wand of disintegration (6)
Scrolls
 f - a scroll of amnesia {unknown}
 g - 3 scrolls of identify
 h - a scroll of remove curse
 i - a scroll of teleportation {unknown}
 k - a scroll of magic mapping
 l - a scroll of enchant weapon {unknown}
 n - a scroll of noise {unknown}
 p - a scroll of immolation {unknown}
 r - a scroll of blinking {unknown}


   Skills:
 - Level 3.0 Fighting
 + Level 6.1 Axes
 + Level 2.0 Armour
 * Level 1.1 Dodging


You had 5 spell levels left.
You didn't know any spells.
Your spell library was empty.

Dungeon Overview and Level Annotations

Branches:
Dungeon (5/15)             Temple (0/1) D:4

Altars:
Elyvilon
Fedhas
Kikubaaqudgha
Makhleb
Nemelex Xobeh
Ru
Xom
The Shining One

Shops:
D:4 [

Annotations:
D:2 Sigmund


Innate Abilities, Weirdness & Mutations

You do not eat or drink.
Your flesh is vulnerable to fire.
You are immune to poison.
Your flesh is cold resistant. (rC+)
You are immune to negative energy. (rN+++)
You are immune to unholy pain and torment.
You can survive without breathing.


Message History

The phantom blinks!
The crimson imp hits you but does no damage.
The quasit bites you but does no damage.
The quasit claws you but does no damage. x2
Unknown command.
As you read the scroll labeled VEJIFFIRORA, it crumbles to dust.
You feel blessed for a moment.
It was a scroll of remove curse.
The crimson imp hits you but does no damage.
The white imp grinds its teeth.
The white imp hits you but does no damage.
The quasit bites you but does no damage.
The quasit claws you but does no damage.
The quasit barely misses you.
Unknown command.
As you read the scroll labeled SENTEMA KUEMAP, it crumbles to dust.
It is a scroll of identify.
k - a scroll of magic mapping The quasit bites you.
You die...
Xom chuckles heartily!

########.#.########...#..#....###
.........#.# #...#..#.......
..########.# #...#..#..#.###
#.########.# #...#..#..#....
#.......##.# #...#..#).#..##
#.......##.# #####..#.......
#.......##.# #..#(###.##
#.......##.############..#.(.# #
#.########.#...5@W....#..#...#
#_# ####'#..§55.....#..#...# ..#
#...............#..#...# ..#
#......##########..##.##
..#####......# #......#
.............# ##.#####
_#...........# #.# ############.#
#.# #.###########.###


You could see a phantom, a quasit, a crimson imp and a white imp.

Vanquished Creatures
  An ogre (D:4)
  A centaur (D:5)
  2 crimson imps (D:5)
  An iguana (D:4)
  An orc wizard (D:3)
  4 adders
  A shadow imp (D:5)
  An ooze (D:4)
  An adder skeleton (D:2)
  A worm (D:2)
  4 leopard geckos
  9 orcs
  A ball python (D:3)
  3 giant cockroaches
  10 goblins
  8 hobgoblins
  6 jackals
  3 kobolds
  3 quokkas
  7 bats (D:1)
  8 frilled lizards
  7 rats
83 creatures vanquished.

Vanquished Creatures (others)
  An ogre (D:5)
1 creature vanquished.

Grand Total: 84 creatures vanquished

Notes
Turn   | Place    | Note
-------+----------+-------------------------------------------
     0 | D:1      | Kurtz the Mummy Chaos Knight began the quest for the Orb.
     0 | D:1      | Reached XP level 1. HP: 18/18 MP: 1/1
   239 | D:1      | XOM: divination: detect creatures
   286 | D:1      | Reached skill level 3 in Axes
   286 | D:1      | Reached XP level 2. HP: 20/24 MP: 2/2
   697 | D:1      | XOM: silly message
   768 | D:1      | XOM: summons 1 hostile demon
   824 | D:1      | XOM is BORED!
   824 | D:1      | XOM: summons 1 hostile demon
   979 | D:3      | Reached XP level 3. HP: 29/29 MP: 3/3
  1004 | D:4      | Found Ylopetot's Armour Shoppe.
  1026 | D:4      | XOM: summons 3 hostile shadow creatures
  1066 | D:4      | XOM: butterfly on damage
  1256 | D:4      | XOM: medium Chrm miscast
  1390 | D:4      | Reached skill level 4 in Axes
  1390 | D:4      | Reached XP level 4. HP: 4/35 MP: 4/4
  1520 | D:4      | XOM: 1-stop teleportation journey
  1774 | D:3      | XOM: mild Erth miscast
  1850 | D:3      | Found a burning altar of Makhleb.
  2041 | D:3      | Found a sparkling altar of Nemelex Xobeh.
  2205 | D:3      | Reached XP level 5. HP: 39/41 MP: 5/5
  2411 | D:2      | Found a glowing golden altar of the Shining One.
  2450 | D:2      | XOM: harmless Ice miscast
  2478 | D:2      | Noticed Sigmund
  2478 | D:2      | XOM: cast spell 'Summon Butterflies'
  2501 | D:2      | XOM: summons 5 friendly demons
  3059 | D:2      | Found an ancient bone altar of Kikubaaqudgha.
  3062 | D:2      | XOM: confusion
  3080 | D:2      | Reached skill level 5 in Axes
  3102 | D:2      | Found a sacrificial altar of Ru.
  3164 | D:2      | XOM: scenery: 1 doors close
  3370 | D:2      | XOM: divination: magic mapping
  3658 | D:4      | Found a staircase to the Ecumenical Temple.
  3829 | D:4      | Noticed an ogre
  3834 | D:4      | XOM: noise
  3836 | D:4      | XOM: enchant monster (good)
  3841 | D:4      | Killed an ogre
  3861 | D:4      | Found a white marble altar of Elyvilon.
  3868 | D:4      | XOM is BORED!
  3868 | D:4      | XOM: noise
  4011 | D:4      | XOM: god gift: scimitar {god gift}
  4026 | D:4      | XOM: scenery: create altars
  4047 | D:4      | Found a blossoming altar of Fedhas.
  4080 | D:5      | Entered Level 5 of the Dungeon
  4110 | D:5      | Reached XP level 6. HP: 44/47 MP: 6/6
  4211 | D:5      | XOM: scenery: create altars
  4290 | D:5      | Reached skill level 6 in Axes
  4290 | D:5      | Reached skill level 1 in Dodging
  4315 | D:5      | XOM: divination: detect items
  4317 | D:5      | XOM: divine lightning
  4372 | D:5      | XOM: smoke on damage
  4377 | D:5      | XOM: medium Pois miscast
  4382 | D:5      | XOM: mild Erth miscast
  4385 | D:5      | XOM: summons 3 hostile demons
  4391 | D:5      | HP: 1/47 [white imp/puff of frost[Xom] (4)]
  4394 | D:5      | Slain by a quasit

Skill      XL: |  1  2  3  4  5  6 |
---------------+-------------------+-----
Axes           | 3 4 5 6 |  6.1
Armour         | 2 |  2.0
Dodging        | 1 |  1.1
Fighting       | |  3.0

Action                   |  1- 3 |  4- 6 || total
-------------------------+-------+-------++-------
Melee: Hand axe          |   119 |       ||   119
       Flail             |    16 |   159 ||   175
Evoke: Wand              |       |     2 ||     2
  Use: Scroll            |       |     2 ||     2
 Stab: Confused          |     1 |       ||     1
Armor: Plate armour      |   117 |   169 ||   286
       Leather armour    |     1 |       ||     1
Dodge: Dodged            |    42 |    41 ||    83
